 Dungeon Crawl Stone Soup version 0.20.0-8-g6b59dc7 (webtiles) character file.

363 Darkell the Slasher (level 6, -7/37 HPs)
             Began as a Tengu Gladiator on May 30, 2017.
             Mangled by Darkell's ghost (9 damage)
             ... on level 4 of the Dungeon on May 31, 2017.
             The game lasted 00:05:31 (3535 turns).

Darkell the Slasher (Tengu Gladiator)               Turns: 3535, Time: 00:05:32

Health: -7/37      AC: 12    Str: 16    XL:     6   Next: 67%
Magic:  16/16      EV:  8    Int:  8    God:
Gold:   132        SH:  0    Dex: 16    Spells: 5/5 levels left

rFire    . . .     SeeInvis .   a - +0 long sword
rCold    . . .     Gourm    .   (no shield)
rNeg     . . .     Faith    .   p - +3 chain mail
rPois    .         Spirit   .   c - +0 hat
rElec    .         Reflect  .   (no cloak)
rCorr    .         Harm     .   r - -1 pair of gloves (curse)
MR       .....     Rnd*Tele +   (boots unavailable)
Stlth    ..........             (no amulet)
Regen    0.2/turn               j - ring of teleportation (curse)
MPRegen  0.2/turn               o - ring of magical power

@: no status effects
A: antennae 1, beak, talons 3, blurry vision 1, wild magic 1, able to fly 1
a: Fly


You were on level 4 of the Dungeon.
You were not hungry.

You visited 1 branch of the dungeon, and saw 4 of its levels.

You collected 132 gold pieces.

Inventory:

Hand Weapons
 a - a +0 long sword (weapon)
Missiles
 d - 4 throwing nets (quivered)
Armour
 b - a +0 leather armour
 c - a +0 hat (worn)
 p - a +3 chain mail (worn)
 r - a cursed -1 pair of gloves (worn)
Jewellery
 j - a cursed ring of teleportation (left hand)
 o - a ring of magical power (right hand)
 s - a +3 ring of strength {unknown}
Scrolls
 e - 2 scrolls of random uselessness
 h - 6 scrolls of identify
 l - a scroll of teleportation
 u - a scroll of amnesia
Potions
 g - a potion of curing
 i - a potion of berserk rage {unknown}
Comestibles
 m - 3 meat rations
 q - a bread ration


   Skills:
 + Level 3.2 Fighting
 + Level 6.0 Long Blades
 + Level 2.1 Throwing
 + Level 2.8 Armour
 + Level 4.1 Dodging
 + Level 0.7 Stealth


You had 5 spell levels left.
You didn't know any spells.

Dungeon Overview and Level Annotations

Branches:
Dungeon (4/15)
 Temple: D:4-7

Altars:

Annotations:
D:4 Darkell's ghost, novice TeGl


Innate Abilities, Weirdness & Mutations

You have a beak for a mouth.
You have claws for feet.
You can fly.
You have a pair of small antennae on your head.
Scrolls take you a little longer to read.
Your spells are a little harder to cast, but a little more powerful.


Message History

The hound bites you but does no damage. Darkell's ghost hits you.
The hound bites you. The orc hits you but does no damage.
You hit Darkell's ghost but do no damage.
Your peck misses Darkell's ghost.
Darkell's ghost is lightly damaged.
Darkell's ghost completely misses you. The hound bites you.
* * * LOW HITPOINT WARNING * * *
The orc hits you but does no damage. Darkell's ghost barely misses you.
You miss Darkell's ghost. Your peck misses Darkell's ghost.
Darkell's ghost is lightly damaged.
The hound completely misses you.
You riposte.
You hit the hound.
The hound is moderately wounded.
The hound closely misses you. The orc hits you but does no damage.
Darkell's ghost hits you!
* * * LOW HITPOINT WARNING * * *
You completely miss Darkell's ghost.
Darkell's ghost is lightly damaged.
The hound bites you but does no damage. The orc misses you.
Darkell's ghost hits you!
You die...

.#......# #g# #..# #..#
###..#### #.# #.## #..# #
##.## ##.###.# #######..#
##.## #......# #........#
##...# #..###.# #.#####.##
###....# #.)..#.# #.# #.#
.#.....####.##.#.###.#####.#
...............o...........#
...............W@.#..#.#####
...............h.....#.#
......#####.......#.##w#####..
#.g...# #.....................
#..#..###.#.........##.#####..
..........#.#..#######.#
###...#.###.#..# #.#
#............# #.#
#...#######..#######.#


You could see a hound, Darkell's ghost and an orc.

Vanquished Creatures
  A scorpion (D:3)
  A bullfrog skeleton (D:4)
  2 hounds (D:4)
  An orc priest (D:4)
  A centaur skeleton (D:4)
  A worker ant (D:4)
  A gnoll (D:4)
  2 adders
  A shadow imp (D:4)
  2 worms
  2 dart slugs
  3 leopard geckos
  7 orcs
  4 giant cockroaches
  7 goblins
  12 hobgoblins
  9 jackals
  6 kobolds
  A quokka (D:2)
  2 ball pythons
  14 bats
  6 frilled lizards
  5 rats
91 creatures vanquished.

Notes
Turn   | Place    | Note
-------+----------+-------------------------------------------
     0 | D:1      | Darkell the Tengu Gladiator began the quest for the Orb.
     0 | D:1      | Reached XP level 1. HP: 12/12 MP: 2/2
   187 | D:1      | Reached XP level 2. HP: 15/17 MP: 3/3
   798 | D:2      | Reached XP level 3. HP: 20/21 MP: 4/4
  1315 | D:2      | Reached skill level 4 in Long Blades
  1402 | D:2      | Reached XP level 4. HP: 25/27 MP: 5/5
  1766 | D:3      | Reached skill level 1 in Armour
  2305 | D:4      | Gained mutation: You can fly. [Tengu growth]
  2305 | D:4      | Reached XP level 5. HP: 23/31 MP: 6/6
  2575 | D:4      | Noticed Darkell's ghost (novice TeGl)
  2596 | D:4      | Reached skill level 5 in Long Blades
  2859 | D:4      | HP: 1/31 [poisoned by a scorpion]
  2874 | D:3      | HP: 1/31 [scorpion (5)]
  2887 | D:3      | Reached XP level 6. HP: 3/37 MP: 7/7
  3293 | D:4      | Gained mutation: Your spells are a little harder to cast, but a little more powerful. [potion of mutation]
  3293 | D:4      | Gained mutation: Scrolls take you a little longer to read. [potion of mutation]
  3293 | D:4      | Gained mutation: You have a pair of small antennae on your head. [potion of mutation]
  3311 | D:4      | Reached skill level 6 in Long Blades
  3535 | D:4      | Mangled by Darkell's ghost

Skill      XL: |  1  2  3  4  5  6 |
---------------+-------------------+-----
Long Blades    | 4 5 6 |  6.0
Armour         | 1 2 |  2.8
Dodging        | 4 |  4.1
Fighting       | 3 |  3.2
Throwing       | |  2.1
Stealth        | |  0.7

Action                   |  1- 3 |  4- 6 || total
-------------------------+-------+-------++-------
Melee: Long sword        |    98 |   180 ||   278
       Kick              |    32 |    58 ||    90
       Peck              |    17 |    37 ||    54
  Use: Scroll            |     4 |     2 ||     6
       Potion            |       |     5 ||     5
 Stab: Sleeping          |     1 |       ||     1
       Invisible         |       |     1 ||     1
  Eat: Chunk             |     2 |     3 ||     5
       Bread ration      |       |     1 ||     1
Armor: Leather armour    |    33 |     8 ||    41
       Chain mail        |       |   120 ||   120
Dodge: Dodged            |   100 |   118 ||   218
       Rpst.: Long sword |    24 |    43 ||    67
